Cogmind - Beta 13 @@@ ROGUE MODE // 2024.04.24 @ 09:24:37 Player: adenochrome Result: Destroyed by D-53 Grenadier with Mini Grenade Launcher Performance ------------- Evolutions (0) 0 Regions Visited (4) 800 Robots Destroyed (16) 80 Value Destroyed (309) 309 Prototype IDs (24) 480 Alien Tech Used (0) 0 Bonus (274) 274 TOTAL SCORE: 1943 Bonus ------- Follower Combat Kills 14 Aligned with FarCom 300 Friendly Fire -40 Cogmind --------- Core Integrity 0/250 Matter 300/300 Energy 100/100 System Corruption 0% Temperature Cool (0) Movement Core (100) Ox1 Location -9/Mines Parts ------- > --- POWER (1) -------- (None) > --- PROPULSION (2) --- (None) > --- UTILITY (2) ------ Small Storage Unit > --- WEAPON (2) ------- (None) > --- INVENTORY (8) ---- Aluminum Leg Aluminum Leg Aluminum Leg Rocket Launcher Deploy-a-Sentry Deploy-a-Sentry Deploy-a-Sentry Peak State ------------ > --- POWER ------------ Light Ion Engine > --- PROPULSION ------- Aluminum Leg Aluminum Leg > --- UTILITY ---------- Small Storage Unit Experimental Sensor Array > --- WEAPON ----------- Assault Rifle Light Cannon > --- INVENTORY -------- Aluminum Leg Aluminum Leg Aluminum Leg Light Assault Rifle Rocket Launcher Deploy-a-Sentry Deploy-a-Sentry [Rating: 17] Favorites ----------- Power Light Ion Engine Engine Light Ion Engine Propulsion Aluminum Leg Leg Aluminum Leg Utility Small Storage Unit Device Experimental Sensor Array Storage Small Storage Unit Weapon Assault Rifle Ballistic Gun Assault Rifle Ballistic Cannon Light Cannon Build | -11 -10 -10 -10 -9 ------- Run | Yrd Mat Min Exi Min Slots Evolved . | . . . . . Power . | . . . . . Propulsion . | . . . . . Utility . | . . . . . Weapon . | . . . . . Parts Attached 13 | 6 . 5 . 2 Power 2 | 1 . 1 . . Engine 2 | 1 . 1 . . Core . | . . . . . Reactor . | . . . . . Propulsion 4 | 2 . 2 . . Treads . | . . . . . Leg 4 | 2 . 2 . . Wheel . | . . . . . Hover . | . . . . . Flight . | . . . . . Utility 2 | 1 . 1 . . Device 1 | . . 1 . . Storage 1 | 1 . . . . Processor . | . . . . . Hackware . | . . . . . Protection . | . . . . . Artifact . | . . . . . Weapon 5 | 2 . 1 . 2 Energy Gun . | . . . . . Energy Cannon . | . . . . . Ballistic Gun 3 | 2 . . . 1 Ballistic Cannon 2 | . . 1 . 1 Launcher . | . . . . . Special Weapon . | . . . . . Impact Weapon . | . . . . . Slashing Weapon . | . . . . . Piercing Weapon . | . . . . . Special Melee Weapon . | . . . . . Unidentified Prototypes 1 | . . 1 . . Parts Lost 11 | . . 4 . 7 Power 2 | . . 1 . 1 Propulsion 4 | . . 2 . 2 Utility 1 | . . . . 1 Weapon 4 | . . 1 . 3 Highest Loss Streak 7 | . . 3 . 7 To Critical Strikes 1 | . . 1 . . Average Slot Usage (%) 90 | . 85 83 100 95 Engine 12 | . 14 11 14 12 Leg 26 | . 28 24 28 27 Device 8 | . . 4 14 12 Storage 14 | . 14 14 14 14 Ballistic Gun 17 | . 28 18 14 14 Ballistic Cannon 10 | . . 9 14 12 Naked Turns . | . . . . . Heaviest Build 14 | 14 14 14 14 14 Greatest Support 20 | 20 20 20 20 20 Greatest Overweight (x) 3 | . . 3 . 1 Average Overweight (x) . | . . . . . Largest Inventory Capacity 8 | 8 8 8 8 8 Average Capacity 7 | 7 8 8 8 8 Most Carried 8 | 4 7 8 8 8 Average Carried 7 | 2 4 7 7 7 Final Capacity 8 | 8 8 8 8 8 Final Carried 8 | 4 7 8 8 7 Class Distribution -------------------- 88% | Mutant 11% | Skirmisher Dominant Class ---------------- Mutant | -10/Materials Mutant | -10/Mines Mutant | -10/Exiles Skirmisher | -9/Mines Resources | -11 -10 -10 -10 -9 ----------- Run | Yrd Mat Min Exi Min Matter Collected 595 | 220 118 217 . 40 Remotely . | . . . . . Salvage Created 443 | . 157 234 . 52 Parts 32 | . 14 18 . . Haulers Intercepted . | . . . . . Recyclers Shooed 1 | . . 1 . . Parts Field Recycled . | . . . . . Retrieved Matter . | . . . . . Parts Self-Destructed . | . . . . . Prevented . | . . . . . Kills | -11 -10 -10 -10 -9 ------- Run | Yrd Mat Min Exi Min Combat Hostiles Destroyed 17 | . 6 8 . 3 Guns 14 | . 6 6 . 2 Cannons 2 | . . 1 . 1 AOE 1 | . . 1 . . Classes Destroyed 4 | . 3 . . 1 Worker 2 | . 1 1 . . Swarmer 8 | . 4 4 . . Grunt 6 | . 2 4 . . Assembled 3 | . . . . 3 Best Kill Streak 4 | . 4 3 . 3 Combat Bots Only 4 | . 4 3 . 3 Max Kills in Single Turn 1 | . 1 1 . 1 Gunslinging . | . . . . . Exploded 1 | . . 1 . . Melee . | . . . . . Uniques/NPCs Destroyed . | . . . . . Combat | -11 -10 -10 -10 -9 -------- Run | Yrd Mat Min Exi Min Hostile Shots Fired 94 | . 25 51 . 18 Missed 16 | . 6 7 . 3 Damage Taken 1155 | . 165 554 . 436 Core 255 | . 35 150 . 70 Absorbed by Shields . | . . . . . Core Remaining (%) 100 | 100 . . . . Volleys Fired 56 | . 13 31 . 12 Largest 2 | . 2 2 . 2 Hottest 55 | . 40 55 . 55 Shots Fired 104 | . 26 61 . 17 Gun 95 | . 26 55 . 14 Cannon 9 | . . 6 . 3 Launcher . | . . . . . Special . | . . . . . Kinetic 104 | . 26 61 . 17 Thermal . | . . . . . Explosive . | . . . . . Electromagnetic . | . . . . . Robot Hit Streak 11 | . 4 11 . 8 Robot Miss Streak 3 | . 2 2 . 3 Penetration Max . | . . . . . Secondary Targets . | . . . . . Shots Hit Robots 67 | . 13 43 . 11 Core Hits 29 | . 8 15 . 6 Critical Kills 1 | . 1 . . . Critical Parts Destroyed . | . . . . . Critical Strikes 2 | . 1 1 . . Destroy 1 | . 1 . . . Blast 1 | . . 1 . . Melee Attacks . | . . . . . Impact . | . . . . . Slashing . | . . . . . Piercing . | . . . . . Sneak Attacks . | . . . . . Combat Hostiles . | . . . . . Follow-up Attacks . | . . . . . Damage Inflicted 997 | . 185 690 . 122 Guns 793 | . 185 506 . 102 Cannons 99 | . . 79 . 20 Explosions 88 | . . 88 . . Melee . | . . . . . Ramming 17 | . . 17 . . Kinetic 892 | . 185 585 . 122 Thermal 88 | . . 88 . . Explosive . | . . . . . Electromagnetic . | . . . . . Impact . | . . . . . Slashing . | . . . . . Piercing . | . . . . . Highest Corruption . | . . . . . Average Corruption . | . . . . . Corruption Purged . | . . . . . Corruption Blocked . | . . . . . Overload Shots . | . . . . . Overflow Damage . | . . . . . Projectiles . | . . . . . Explosions . | . . . . . Melee . | . . . . . Knockbacks . | . . . . . Impact . | . . . . . Kinetic . | . . . . . Secondary . | . . . . . Self-Inflicted Damage 48 | . . 48 . . Shots 1 | . . 1 . . Rammed . | . . . . . Targets Rammed 2 | . . 2 . . Kicked 2 | . . 2 . . Crushed . | . . . . . Highest Temperature 20 | . . 20 . 4 Average Temperature 4 | . . 4 . 3 Received Heat Transfer 252 | . 24 228 . . Siege Activations . | . . . . . Robots Corrupted . | . . . . . Combat Hostiles . | . . . . . Parts Fried . | . . . . . Impact Corruptions . | . . . . . Robots Melted . | . . . . . Combat Hostiles . | . . . . . Parts Melted . | . . . . . Heat Transferred 100 | . . 100 . . Parts Sabotaged . | . . . . . Parts Stolen . | . . . . . Parts Stripped . | . . . . . Power Chain Reactions . | . . . . . Alert | -11 -10 -10 -10 -9 ------- Run | Yrd Mat Min Exi Min Peak Influence 244 | . 230 244 . . Initial 89 | . . 89 . . Average 74 | . 106 94 . . Maximum Alert Level 1 | . 1 1 . . Low Security (%) 91 | 100 66 93 . 100 Level 1 8 | . 33 6 . . Level 2 . | . . . . . Level 3 . | . . . . . Level 4 . | . . . . . Level 5 . | . . . . . High Security . | . . . . . Max Security . | . . . . . Squads Dispatched 2 | . 2 . . . Investigation 1 | . 1 . . . Extermination . | . . . . . Reinforcement 1 | . 1 . . . Assault . | . . . . . Garrison . | . . . . . Intercept . | . . . . . Searches Triggered . | . . . . . Construction Impeded . | . . . . . Haulers Reinforced . | . . . . . Active Scanning Responses . | . . . . . Cargo Convoy Interrupts . | . . . . . Stealth | -11 -10 -10 -10 -9 --------- Run | Yrd Mat Min Exi Min Distress Signals 1 | . 1 . . . Communications Jammed . | . . . . . Distress Signals . | . . . . . Times Spotted 36 | . 11 13 . 12 Peak Tracking Total 12 | . 6 3 . 12 Tactical Retreats 5 | . 2 3 . . Traps | -11 -10 -10 -10 -9 ------- Run | Yrd Mat Min Exi Min Traps Triggered . | . . . . . Indirectly . | . . . . . Trap Hack Attempts . | . . . . . Triggered . | . . . . . Disarmed . | . . . . . Reprogrammed . | . . . . . Reused 1 | . . 1 . . Traps Extracted . | . . . . . Installed 2 | . . 2 . . Triggered 1 | . . 1 . . Most Traps Carried 3 | . . 3 3 . Machines | -11 -10 -10 -10 -9 ---------- Run | Yrd Mat Min Exi Min Machines Disabled 1 | . . 1 . . Max in Single Turn 1 | . . 1 . . Machines Repaired . | . . . . . Machines Dismantled . | . . . . . Machines Sabotaged . | . . . . . Overloaded Fab Kills . | . . . . . Hacking | -11 -10 -10 -10 -9 --------- Run | Yrd Mat Min Exi Min Machines Accessed 5 | . 4 . 1 . Terminals 3 | . 3 . . . Fabricators . | . . . . . Repair Stations . | . . . . . Recycling Units 1 | . 1 . . . Scanalyzers . | . . . . . Garrison Access . | . . . . . Total Hacks 12 | . 11 . 1 . Successful 5 | . 4 . 1 . Failed 7 | . 7 . . . Catastrophic 2 | . 2 . . . Database Lockouts . | . . . . . Manual 7 | . 6 . 1 . Terminals 10 | . 10 . . . Fabricators . | . . . . . Repair Stations . | . . . . . Recycling Units 1 | . 1 . . . Scanalyzers . | . . . . . Garrison Access . | . . . . . Terminal Hacks 4 | . 3 . 1 . Branch Access Points 1 | . 1 . . . Locate Traps 1 | . 1 . . . Recall Investigation 1 | . 1 . . . Derelict Proto ID Bank 1 | . . . 1 . Fabricator Hacks . | . . . . . Repair Station Hacks . | . . . . . Recycling Unit Hacks 1 | . 1 . . . Report Inventory 1 | . 1 . . . Scanalyzer . | . . . . . Garrison Access Hacks . | . . . . . Unauthorized Hacks . | . . . . . Terminals . | . . . . . Fabricators . | . . . . . Repair Stations . | . . . . . Recycling Units . | . . . . . Scanalyzers . | . . . . . Garrison Access . | . . . . . Data Cores Recovered . | . . . . . Used . | . . . . . Hacking Detections 3 | . 3 . . . Full Trace Events 1 | . 1 . . . Feedback Events . | . . . . . Feedback Blocked . | . . . . . Robot Schematics Acquired . | . . . . . Robots Built . | . . . . . Authchips . | . . . . . Time . | . . . . . Total Robot Build Rating . | . . . . . Part Schematics Acquired . | . . . . . Parts Built . | . . . . . Authchips . | . . . . . Time . | . . . . . Total Part Build Rating . | . . . . . Parts Repaired . | . . . . . Time . | . . . . . Parts Recycled . | . . . . . Recycled Matter . | . . . . . Retrieved Matter . | . . . . . Retrieved Components . | . . . . . Parts Scanalyzed . | . . . . . Part Schematics Acquired . | . . . . . Parts Damaged . | . . . . . Bothacking | -11 -10 -10 -10 -9 ------------ Run | Yrd Mat Min Exi Min Used RIF Installer . | . . . . . Robots Hacked . | . . . . . Non-combat . | . . . . . Combat . | . . . . . Robot Hacks Applied . | . . . . . Relay Couplers Released . | . . . . . Fabnet Peak Effective % . | . . . . . Robots Rewired . | . . . . . Allies Hacked . | . . . . . Hacks Repelled . | . . . . . Allies | -11 -10 -10 -10 -9 -------- Run | Yrd Mat Min Exi Min Total Allies 2 | . . 2 . . Largest Group 2 | . . 2 1 . Highest-Rated Group 43 | . . 43 31 . Highest-Rated Ally 31 | . . 31 31 . Total Orders . | . . . . . Ally Attacks 8 | . . 8 . . Total Damage 148 | . . 148 . . Kills 3 | . . 3 . . Allies Corrupted . | . . . . . Allies Melted . | . . . . . Intel | -11 -10 -10 -10 -9 ------- Run | Yrd Mat Min Exi Min Robot Analysis Total . | . . . . . Derelict Logs Recovered 2 | . . 1 . 1 Drone Launches . | . . . . . Drone Recoveries . | . . . . . Exploration | -11 -10 -10 -10 -9 ------------- Run | Yrd Mat Min Exi Min Turns Passed 2275 | 69 203 1051 641 311 Spaces Moved 1620 | 50 124 690 531 225 Core 72 | 5 . 66 . 1 Treads . | . . . . . Legs 1548 | 45 124 624 531 224 Wheels . | . . . . . Hover . | . . . . . Flight . | . . . . . Fastest Speed 50 | 50 120 120 120 100 Average Speed 121 | 113 120 122 120 119 Slowest Speed 200 | 120 120 200 120 120 Overloaded Moves . | . . . . . Propulsion Burnouts . | . . . . . Robots Hopped . | . . . . . Cave-ins Triggered . | . . . . . Exploration Rate (%) 49 | 4 22 91 89 42 Regions Visited 4 Branch Regions 3 Pre-discovered Areas 1 | . . 1 . . Known Exits Taken 1 | . 1 . . . Unknown Exits Taken 3 | 1 . 1 1 . Scrap Searched 1 | . . 1 . . Spaces Dug . | . . . . . Terrain Destroyed 13 | . . 13 . . Melee . | . . . . . Projectile . | . . . . . AOE 13 | . . 13 . . Terrain Rammed . | . . . . . Walls Destroyed . | . . . . . Machines Disabled . | . . . . . Actions | -11 -10 -10 -10 -9 --------- Run | Yrd Mat Min Exi Min Total 1829 | 59 152 832 536 250 Wait 114 | . 13 90 . 11 Move 1616 | 49 123 689 530 225 Hop . | . . . . . Pick Up 18 | 4 3 8 3 . Fast Attach 10 | 6 . 3 . 1 Attach 3 | . . 2 . 1 Detach . | . . . . . Swap . | . . . . . Drop 8 | . . 5 3 . Fire 56 | . 13 31 . 12 Melee . | . . . . . Ram . | . . . . . Kick 2 | . . 2 . . Crush . | . . . . . Escape Stasis . | . . . . . Rewire . | . . . . . Trap 2 | . . 2 . . Miscellaneous . | . . . . . Route ------- -11/Scrapyard -10/Materials -10/Mines (discovered 3 exits: [*Mat x2] / *Exi) -10/Exiles -9/Mines History --------- Turn | Location | Event 7 | -11/Scrapyard | Discovered new exit (range 16) 70 | -11/Scrapyard | Entered Materials 100 | -10/Materials | Identified exit to Mines 273 | -10/Materials | Entered Mines 318 | -10/Mines | Build established: Mutant 368 | -10/Mines | Found a hidden stash of uninstalled traps 390 | -10/Mines | Learned location of Zion (-6) 506 | -10/Mines | Lost 3 parts (1p2n) 589 | -10/Mines | Core integrity fell below 50% 678 | -10/Mines | Discovered new exit (range 8) 924 | -10/Mines | Discovered new exit (range 10) 931 | -10/Mines | Received a Rocket Launcher from a helpful Derelict 963 | -10/Mines | Found a damaged Exp. Sensor Array with a note attached 965 | -10/Mines | Found Prototype Device 965 | -10/Mines | Identified Exp. Sensor Array 1319 | -10/Mines | Deemed a non-threat by the Exiles lab entrance 1319 | -10/Mines | Discovered new exit (range 5) 1324 | -10/Mines | Entered Exiles 1324 | -10/Exiles | Accompanied by 1 ally 1353 | -10/Exiles | Met 8R-AWN 1354 | -10/Exiles | Led the pair of lost Derelicts to a safe place 1393 | -10/Exiles | Met EX-HEX 1440 | -10/Exiles | Met EX-DEC 1504 | -10/Exiles | Discovered new exit (range 11) 1592 | -10/Exiles | Visited The Gauntlet 1754 | -10/Exiles | Met EX-BIN 1772 | -10/Exiles | Aligned with FarCom system 1773 | -10/Exiles | Given EX-Vault access code 1802 | -10/Exiles | Opened EX-Vault 1847 | -10/Exiles | Found Deploy-a-Sentry 1849 | -10/Exiles | Found Deploy-a-Sentry 1851 | -10/Exiles | Found Deploy-a-Sentry 1876 | -10/Exiles | Warned to stay clear of 0b10 Research branches 1965 | -10/Exiles | Left Exiles lab with Deploy-a-Sentry 1965 | -10/Exiles | Entered Mines 2095 | -9/Mines | Met a Derelict bent on vengeance 2213 | -9/Mines | Assembled infested the area 2275 | -9/Mines | Core integrity fell below 20% 2276 | -9/Mines | Destroyed by D-53 Grenadier with Mini Grenade Launcher Last Messages --------------- 02095_ R2-N7W(g): "TASTE MY VENGEANCE!" 02213_ ALERT: Infestation in the mines, dispatching Demolisher response squad. 02225_ as-33026 destroyed. 02228_ Lgt. Cannon severed. 02231_ Exp. Sensor Array destroyed. 02235_ as-59271 destroyed. 02243_ Assault Rifle destroyed. 02245_ Lgt. Ion Engine destroyed. 02249_ as-67481 destroyed. 02251_ Acquired 18 matter. 02252_ Acquired 12 matter. 02255_ Acquired Lgt. Cannon. 02258_ Acquired 6 matter. 02259_ Acquired 4 matter. 02263_ Aluminum Leg destroyed. 02266_ The unstable cave ceiling collapses. 02273_ Lgt. Cannon destroyed. 02274_ Aluminum Leg destroyed. 02276_ Lgt. Assault Rifle destroyed. Map ----- +----------------------------------------------------+ | ????????????????????????????????????????? | | ????????????????????????????????????????? | | ????????????????????????????????????????? | | ????????????????????????????????????????? | | ?????????????????? ###?????????????????? | | ???????????????? #????????????????? | | ???????????????? ##??????????????? | | ??????????????? #?????????????? | | ??????????????? % ?????????????? | | ?????????????? ? # ##???????????? | | ??????????????% % #???????????? | | ?????????????? # #???????????? | | ???????????????? ###?????????? | | ?????????????????? ##????????? | | ????????????????????? #????????? | | ??????????????????????? #????????? | | ???????????????????????## ##????????? | | ???????????????????????# # #????????? | | ???????????????????????## ##????????? | | ????????????????????????# dd #?????????? | | ???????????????g?g?????## #?????????? | | ????????????????g??????# ##????????? | | ????????????? ?????????# #????????? | | ?????????????? ???????## #????????? | | ?????????????? ???????# #????????? | | ?????????????? ???????# @ #????????? | | ??????????????# ??????# ##????????? | | ?????#### ????# ??????# #?????????? | | ?????# ### ####??# #######?????????? | | ????# #### #???????????????? | | ????# #???????????????? | | ?????# ### ######???????????????? | | ????????????????# #????????????????????? | | ????????????????# #????????##########??? | | ????????????????# #???????## ##?? | | ????# ??????????# ######### ##? | | ??# ??????????# s #? | | ?# ??????????# ## #? | | # ??????????#### ##### #?## #? | | ?????????????# #???## #??## #? | | ??????????????# ###??# ???????# #? | | #?????????????##### ##?##????????# #? | | #?????????????## #???????????# #? | | ?????????????## ############# #? | | ????????????## #? | | ????????????# #################? | | ???????????## ####????????????????? | | ##????????## ########????????????? | | ########## ## ##???????????? | | #???????????? | +----------------------------------------------------+ Best States ------------- Heat Dissipation 25 Energy Generation 10 Energy Capacity 250 Matter Stores 300 Matter Capacity 300 Sight Range 16 Robot Scan Range 20 Terrain Scan Density 10 Evasion (%) 55 Item Schematics ----------------- None Robot Schematics ------------------ None Fabricated ------------ Nothing Alien Tech Used ----------------- None Achievements -------------- None Challenges ------------ None Game ------ Seed FissionLatentShield Manual? 0 Play Time 00:25:27 Cumulative 13.1 hours Start 2024.04.22 @ 21:07:38 End 2024.04.24 @ 09:24:37 Sessions 3 Manual Loads 0 Difficulty Rogue Special Mode None Game No. 21 Rogue 21 Adventurer 0 Explorer 0 Win Type - Total 0 Types 0/0/0/0/0/0/0/0/0 Lore% 20 Gallery% 19 Achievement% 22 Wizard Run 0 Options --------- Layout 0 ASCII 0 Keyboard 0 Movement Mouse Keybinds 0 Fullscreen 1 Font 18/SmallcapsGlow Map View 76x50 Zoom Use 0% Tactical HUD 1 Map Filters NONE Filters NONE Steam 1 RUN: 611e7374-01a3-43ca-8932-78b82d3d266e